 Dungeon Crawl Stone Soup version 0.19-a0-1170-g18f0c96 (webtiles) character file.

112 Lindan9 the Covered (level 4, 0/35 HPs)
             Began as a Demonspawn Fighter on Aug 17, 2016.
             Killed from afar by an orc wizard (4 damage)
             ... with a puff of flame
             ... on level 4 of the Dungeon.
             The game lasted 00:08:45 (2873 turns).

Lindan9 the Covered (Demonspawn Fighter)            Turns: 2873, Time: 00:08:46

Health: 0/35       AC:  7    Str: 18    XL:     4   Next: 63%
Magic:  4/4        EV:  8    Int:  9    God:
Gold:   192        SH:  9    Dex: 14    Spells: 0 memorised, 3 levels left

rFire  + . .     SeeInvis .     a - +0 war axe
rCold  x . .     Gourm    .     b - +1 scale mail
rNeg   . . .     Faith    .     c - +0 shield
rPois  .         Spirit   .     (helmet restricted)
rElec  .         Dismiss  .     (no cloak)
rCorr  .         Reflect  .     (no gloves)
MR     .....     Harm     .     (no boots)
Stlth  +.........               (no amulet)
                                m - ring of flight
                                l - ring of fire

@: no status effects
A: antennae 1, thin skeletal structure 1, demonic guardian 1
a: Evoke Flight


You were on level 4 of the Dungeon.
You were not hungry.

You visited 1 branch of the dungeon, and saw 4 of its levels.

You collected 192 gold pieces.

Inventory:

Hand Weapons
 a - a +0 war axe (weapon)
 k - a +1 halberd of chopping
 t - a +0 morningstar
Armour
 b - a +1 scale mail (worn)
 c - a +0 shield (worn)
Jewellery
 l - a ring of fire (left hand)
 m - a ring of flight (right hand)
 r - a cursed amulet of inaccuracy {unknown}
Scrolls
 j - 2 scrolls of remove curse
 n - 2 scrolls of identify
 o - a scroll of enchant armour
 p - a scroll of teleportation {unknown}
 s - a scroll of fog {unknown}
 v - a scroll of immolation {unknown}
 w - a scroll of enchant weapon {unknown}
Potions
 d - 2 potions of might
 e - a potion of curing {unknown}
 g - a potion of brilliance
 h - a potion of heal wounds
 i - a potion of mutation {unknown}
 q - a potion of invisibility {unknown}
 u - 3 potions of lignification {unknown}
 x - a potion of flight {unknown}
Comestibles
 f - a bread ration


   Skills:
 + Level 3.2 Fighting
 + Level 2.4 Axes
 + Level 3.3 Armour
 + Level 1.7 Dodging
 + Level 3.3 Shields


You had 3 spell levels left.
You didn't know any spells.

Dungeon Overview and Level Annotations

Branches:
Dungeon (4/15)
 Temple: D:4-7

Altars:

Shops:
D:4 %


Innate Abilities, Weirdness & Mutations

You have a pair of small antennae on your head.
You have a somewhat thin skeletal structure. (Dex +2, Stealth)
A weak demonic guardian rushes to your aid.


Message History

Pain shoots through your body! The orc hits you with a dagger.
Your shadow imp hits the orc wizard but does no damage.
The orc wizard hits you but does no damage.
The orc priest calls down the wrath of Beogh upon you.
Beogh smites you!
* * * LOW HITPOINT WARNING * * *
You closely miss the orc wizard.
The orc wizard is heavily wounded.
You barely miss the orc. You closely miss the orc priest.
The orc hits you but does no damage.
Your shadow imp barely misses the orc wizard.
The orc wizard casts a spell at you. The puff of frost misses you.
You block the orc priest's attack. The orc hits you but does no damage.
Your shadow imp misses the orc wizard.
You hit the orc wizard.
The orc wizard is almost dead.
You hit the orc priest. You hit the orc but do no damage.
The orc wizard gestures at you while chanting.
The puff of flame hits you! You resist.
You die...

##......## #?.......##
..........# ..........#
..........# ........5.#
......oo..######
#..<...@o......#
..........####.###
..........####...#######
............####........
..........#.....#####...
..........#####..# ...
#..........#####........
##.............#####....
##########.##.....##...


You could see an orc priest, an orc wizard, an orc and a friendly shadow imp.

Vanquished Creatures
  3 gnolls (D:3)
  2 adders (D:2)
  An ooze (D:1)
  2 worms
  2 dart slugs
  A giant gecko (D:1)
  4 orcs
  5 hobgoblins
  2 quokkas
  A ball python (D:3)
  7 bats
  2 giant newts (D:2)
  6 goblins
  3 kobolds
  8 rats
49 creatures vanquished.

Notes
Turn   | Place    | Note
-------+----------+-------------------------------------------
     0 | D:1      | Lindan9 the Demonspawn Fighter began the quest for the Orb.
     0 | D:1      | Reached XP level 1. HP: 18/18 MP: 1/1
   315 | D:1      | Gained mutation: A weak demonic guardian rushes to your aid. [demonic ancestry]
   315 | D:1      | Reached XP level 2. HP: 24/24 MP: 2/2
   806 | D:2      | Gained mutation: You have a pair of small antennae on your head. [demonic ancestry]
   806 | D:2      | Reached XP level 3. HP: 23/29 MP: 3/3
  1202 | D:2      | Reached skill level 1 in Dodging
  1800 | D:3      | Gained mutation: You have a somewhat thin skeletal structure. (Dex +2, Stealth) [demonic ancestry]
  1800 | D:3      | Reached XP level 4. HP: 18/35 MP: 4/4
  2810 | D:4      | Found Reriuto's Food Shop.
  2873 | D:4      | Killed from afar by an orc wizard

Vault maps used:
D:1:      dpeg_arrival_simpleton_c, moated_statue, kennysheep_decorative_pillar,
          minivault_26, hangedman_decor_clover_reticule
D:2:      serial_curves, eino_curves_01, eino_curves_02, first_bread,
          grunt_ministairs_15, kennysheep_path_1
D:3:      dk_noncrumbling_4
D:4:      serial_shops, shop_fountains, tso_metal_star

Skill      XL: |  1  2  3 |
---------------+----------+-----
Armour         | 3 |  3.3
Axes           | 2 |  2.4
Shields        | 3 |  3.3
Dodging        | 1 |  1.7
Fighting       | |  3.2

Action                   |  1- 3 |  4- 6 || total
-------------------------+-------+-------++-------
Melee: War axe           |   135 |    81 ||   216
  Use: Scroll            |     6 |       ||     6
  Eat: Bread ration      |     1 |       ||     1
       Meat ration       |       |     1 ||     1
Armor: Scale mail        |    58 |    56 ||   114
Dodge: Dodged            |    51 |    42 ||    93
Block: Shield            |    64 |    74 ||   138
